 Dungeon Crawl Stone Soup version 0.32-a0-886-g41c5271027 (webtiles) character file.

Game seed: 11231678692550780106

11033 PriceMaster the Stormcaller (level 11, -5/54 (57) HPs)
             Began as a Tengu Air Elementalist on Apr 3, 2024.
             Killed from afar by Josephine (15 damage)
             ... with a ghostly fireball
             ... on level 11 of the Dungeon.
             The game lasted 00:22:41 (18423 turns).

PriceMaster the Stormcaller (TeAE)                 Turns: 18423, Time: 00:22:41

HP:   -5/54 (57)    AC:  8    Str:  9    XL:     11   Next: 71%
MP:   1/26          EV: 31    Int: 20    God:
Gold: 481           SH:  0    Dex: 14    Spells: 6/30 levels left

rFire   . . .        B - +4 quarterstaff (chaos)
rCold   . . .        (shield currently unavailable)
rNeg    . . .        m - +2 robe {Will+}
rPois   +            (helmet restricted)
rElec   .            A - +1 cloak
rCorr   .            n - +1 pair of gloves
SInv    .            (boots unavailable)
Will    +....        (no amulet)
Stlth   +++          f - ring of poison resistance
HPRegen 0.29/turn    (no ring)
MPRegen 0.20/turn

%: acrobat
@: swift, acrobatic, flying, drained, very quick
A: beak, talons 3, evasive flight, acrobatic
a: no special abilities


You were on level 11 of the Dungeon.
You visited 1 branch of the dungeon, and saw 12 of its levels.

You collected 646 gold pieces.
You spent 165 gold pieces at shops.

Inventory:

Hand Weapons
 B - a +4 quarterstaff of chaos (weapon)
Armour
 a - a +0 robe
 m - a +2 robe of willpower (worn)
 n - a +1 pair of gloves (worn)
 p - a +0 troll leather armour
 A - a +1 cloak (worn)
Magical Staves
 c - a staff of conjuration
Jewellery
 d - a ring of protection from fire
 f - a ring of poison resistance (left hand)
 z - a ring of resist corrosion
Wands
 o - a wand of flame (42)
Scrolls
 b - 2 scrolls of amnesia
 t - 2 scrolls of immolation
 v - a scroll of enchant weapon
Potions
 g - a potion of resistance
 h - 2 potions of curing
 i - a potion of might
 k - 4 potions of enlightenment
 l - a potion of haste {unknown}
 s - a potion of brilliance {unknown}
 u - 2 potions of lignification {unknown}


   Skills:
 + Level 2.3 Fighting
 + Level 3.4 Staves
 + Level 3.3 Dodging
 + Level 5.6 Stealth
 + Level 10.4 Spellcasting
 + Level 7.2 Conjurations
 + Level 15.0 Air Magic
 + Level 1.7 Evocations


You had 6 spell levels left.
You knew the following spells:

 Your Spells              Type           Power      Damage    Failure   Level
a - Shock                 Conj/Air       100%       1d9       1%          1
b - Swiftness             Air            63%        N/A       1%          3
c - Airstrike             Air            31%        2d(5-21)  1%          4
d - Static Discharge      Conj/Air       100%       3-8/arc   1%          2
e - Arcjolt               Conj/Air       26%        1d36      1%          5
f - Iskenderun's Battles  Conj           39%        2d9       10%         5
g - Vhi's Electric Charg  Tloc/Air       80%        N/A       3%          4

Your spell library contained the following spells:

 Spells                   Type           Power      Damage    Failure   Level
 Sting                    Conj/Alch      96%        1d9       1%          1
 Mercury Vapours          Alch/Air       80%        N/A       1%          2
 Ensorcelled Hibernation  Hex/Ice        20%        N/A       10%         2
 Passwall                 Erth           10%        N/A       21%         3
 Plasma Beam              Fire/Air       20%        2x1d32    43%         6
 Olgreb's Toxic Radiance  Alch           10%        N/A       54%         4
 Alistair's Intoxication  Alch           6%         N/A       88%         5
 Borgnjor's Vile Clutch   Necr/Erth      5%         N/A       88%         5
 Bombard                  Conj/Erth      12%        9d3       93%         6
 Eringya's Noxious Bog    Alch           5%         4d6       100%        6
 Spellforged Servitor     Conj/Summ      12%        N/A       100%        7


Dungeon Overview and Level Annotations

Branches:
Dungeon (12/15)            Temple (0/1) D:6            Lair (0/5) D:10
    Orc: D:9-12

Altars:
Ashenzari
Dithmenos
Elyvilon
Fedhas
Vehumet
Xom

Shops:
D:1 (   D:3 =*(*[

Annotations:
D:11 Josephine


Innate Abilities, Weirdness & Mutations

You have a beak for a mouth.
You have claws for feet.
Your magical flight helps you evade attacks. (EV +4)
You can magically evade attacks while moving or waiting.


Message History

The barrage of energy hits the two-headed ogre!
You kill the two-headed ogre!
Your Air Magic skill increases to level 15!
Casting: Arcjolt (dangerous; 1% risk of failure)
Confirm with . or Enter, or press ? or * to list all spells.
You don't know that spell.
You start resting.
You start to feel a little faster.
You start resting.
An ogre comes into view. It is wielding a +0 giant club.
An ogre is nearby!
An ogre is nearby!
Casting: Arcjolt (dangerous; 1% risk of failure)
Confirm with . or Enter, or press ? or * to list all spells.
Aiming: Airstrike (safe; 1% risk of failure)
Press: ? - help, Dir - move target, f - ogre
Aim: an ogre, wielding a +0 giant club (wandering, hasn't noticed you, empty space bonus: 5/8)
The air twists around and strikes the ogre!
The ogre shouts!
The ogre is moderately wounded.
Casting: Airstrike (safe; 1% risk of failure)
Confirm with . or Enter, or press ? or * to list all spells.
You don't have enough magic to cast this spell.
Unknown command.
You no longer feel sluggish.
A wraith comes into view.
Josephine the Decaying Necromancer comes into view.
She is wielding a +2 dagger of venom.
Josephine shouts!
Your battlesphere wavers and loses cohesion.
A wraith comes into view.
A wraith comes into view.
Casting: Airstrike (safe; 1% risk of failure)
Confirm with . or Enter, or press ? or * to list all spells.
You feel quick.
Hit: B) +4 quarterstaff (chaos)
Press: ? - help, Dir - move target, f - you
Okay, then.
Josephine gestures at you while chanting.
The ghostly flame explodes!
The ghostly fireball engulfs you!
You feel drained.
You die...

......W.@....#
############W# #W#
#########@#
..........#
..........#
########..# #..#
#@.# #..# #<.# #..#
################..#
...............>..#
.......>..........#
################..#
# #..#


You could see Josephine and 2 wraiths.

Vanquished Creatures
  A boulder beetle (D:11)
  A two-headed ogre (D:11)
  Lodul (D:11)
  A kobold demonologist (D:11)
  A komodo dragon (D:7)
  5 trolls
  Grinder (D:3)
  Sigmund (D:3)
  4 shadows
  15 yaks
  A human (D:11)
  A basilisk (D:11)
  Grum (D:8)
  A steam dragon (D:7)
  2 acid dragons (D:10)
  2 water moccasins
  A black bear (D:8)
  5 orc warriors
  2 ice beasts
  2 wolves (D:8)
  5 centaurs
  A phantom (D:5)
  Blork the orc (D:5)
  2 gnoll sergeants (D:8)
  3 kobold brigands
  3 bullfrogs
  2 scorpions
  6 howler monkeys
  A bombardier beetle (D:5)
  A hound (D:4)
  A jelly (D:6)
  9 orc priests
  2 gnoll boudas
  Crazy Yiuf (D:7)
  5 iguanas
  19 orc wizards
  4 adders
  16 gnolls
  A river rat (D:3)
  3 ribbon worms
  5 dart slugs
  22 orcs
  5 ball pythons
  6 endoplasms
  6 giant cockroaches
  6 hobgoblins
  6 quokkas
  5 bats
  4 frilled lizards
  7 goblins
  17 kobolds
  10 rats
234 creatures vanquished.

Notes
Turn   | Place    | Note
-------+----------+-------------------------------------------
     0 | D:1      | PriceMaster the Tengu Air Elementalist began the quest for
                  | the Orb.
     0 | D:1      | Reached XP level 1. HP: 10/10 MP: 4/4
   242 | D:1      | Reached XP level 2. HP: 15/15 MP: 0/6
   489 | D:1      | Found Xoragh's Antique Weapon Shop.
   761 | D:1      | Reached XP level 3. HP: 19/19 MP: 4/7
  1573 | D:2      | Reached skill level 5 in Air Magic
  1887 | D:2      | Reached XP level 4. HP: 21/24 MP: 5/9
  2454 | D:3      | Found a faded altar of an unknown god.
  2507 | D:3      | Found Zukle's Jewellery Boutique.
  2534 | D:3      | Found Somair's Assorted Antiques.
  2766 | D:3      | Noticed an animated crystal plate armour
  2768 | D:3      | Found Haycuaf's Armour Emporium.
  2769 | D:3      | Noticed an animated plate armour
  2777 | D:3      | Bought a +1 robe of willpower for 165 gold pieces
  2803 | D:3      | Noticed Grinder
  2816 | D:3      | Killed Grinder
  2817 | D:3      | Reached skill level 6 in Air Magic
  2817 | D:3      | Reached XP level 5. HP: 16/28 MP: 2/11
  2817 | D:3      | Reached XP level 6. HP: 18/32 MP: 2/12
  2902 | D:3      | Found Qyismoy's General Store.
  3155 | D:3      | Noticed Sigmund
  3159 | D:3      | Killed Sigmund
  3160 | D:3      | Reached skill level 1 in Staves
  3160 | D:3      | Gained mutation: Your magical flight helps you evade
                  | attacks. (EV +4) [Tengu growth]
  3160 | D:3      | Reached XP level 7. HP: 27/36 MP: 8/14
  3513 | D:3      | Found Nuom's Weapon Shop.
  4423 | D:4      | Reached skill level 7 in Air Magic
  4539 | D:4      | Identified the +5 ring mail "Musoj" {Stlth+}
  4543 | D:4      | You are sucked into a shaft and drop 3 floors!
  4583 | D:7      | HP: 1/36 [orc warrior/+0 short sword (12)]
  4686 | D:7      | Noticed a shadow
  4716 | D:7      | Learned a level 3 spell: Swiftness
  4721 | D:7      | Learned a level 4 spell: Airstrike
  4854 | D:6      | Found a shimmering altar of Xom.
  5000 | D:6      | Reached skill level 5 in Spellcasting
  5000 | D:6      | Reached XP level 8. HP: 41/41 MP: 12/16
  5061 | D:6      | Found a staircase to the Ecumenical Temple.
  5107 | D:6      | Reached skill level 5 in Conjurations
  5290 | D:6      | Reached skill level 8 in Air Magic
  5351 | D:6      | Found a shadowy altar of Dithmenos.
  5351 | D:6      | Found a radiant altar of Vehumet.
  6246 | D:5      | Entered Level 5 of the Dungeon
  6297 | D:5      | Found a white marble altar of Elyvilon.
  6328 | D:5      | Reached skill level 1 in Fighting
  6797 | D:5      | Reached skill level 9 in Air Magic
  7062 | D:5      | Reached XP level 9. HP: 47/47 MP: 0/20
  7063 | D:5      | Noticed Blork the orc
  7065 | D:5      | Learned a level 2 spell: Static Discharge
  7092 | D:5      | Killed Blork the orc
  7512 | D:5      | Found a blossoming altar of Fedhas.
  8050 | D:7      | Noticed a komodo dragon
  8055 | D:7      | Killed a komodo dragon
  8056 | D:7      | Reached skill level 10 in Air Magic
  8571 | D:7      | Reached skill level 11 in Air Magic
  9309 | D:7      | Found a runed translucent door.
  9310 | D:7      | Noticed Crazy Yiuf
  9316 | D:7      | Killed Crazy Yiuf
  9711 | D:8      | Noticed Grum
  9716 | D:8      | Killed Grum
  9725 | D:8      | Reached XP level 10. HP: 52/52 MP: 2/23
 10768 | D:8      | Learned a level 5 spell: Arcjolt
 11354 | D:8      | Reached skill level 12 in Air Magic
 14206 | D:9      | Reached skill level 13 in Air Magic
 14896 | D:10     | Entered Level 10 of the Dungeon
 15007 | D:10     | Found a staircase to the Lair.
 15436 | D:10     | Found a broken altar of Ashenzari.
 16186 | D:10     | Reached skill level 14 in Air Magic
 16186 | D:10     | Reached XP level 11. HP: 42/56 MP: 1/25
 16936 | D:11     | Noticed a boulder beetle
 16965 | D:11     | Killed a boulder beetle
 16966 | D:11     | Reached skill level 5 in Stealth
 17353 | D:11     | Reached skill level 10 in Spellcasting
 17641 | D:11     | Reached skill level 1 in Evocations
 18215 | D:11     | Noticed Lodul
 18224 | D:11     | Killed Lodul
 18359 | D:11     | Learned a level 5 spell: Iskenderun's Battlesphere
 18364 | D:11     | Learned a level 4 spell: Vhi's Electric Charge
 18390 | D:11     | Noticed a two-headed ogre
 18394 | D:11     | HP: 2/57 [two-headed ogre/+0 giant club (16)]
 18395 | D:11     | Killed a two-headed ogre
 18396 | D:11     | Reached skill level 15 in Air Magic
 18409 | D:11     | Noticed Josephine
 18423 | D:11     | Killed from afar by Josephine

Illustrated notes

Levels and vault maps discovered:
D:1:      orjb1_clovarrival, layout_loops_ring, serial_shops,
          nicolae_shop_crystal, nicolae_eternal_life, serial_bayou_crossing
D:2:      layout_basic, minmay_misc_feat_five, minmay_misc_feat_tower,
          hangedman_feature_mirror
D:3:      layout_basic, gup_sewer_entry_bubbles, serial_shops,
          nicolae_shop_mannequins, nicolae_square_shop, shop,
          nicolae_shop_gibbet_a_chance, nicolae_shop_hallway_stairs,
          basic_ecumenical_altar, skrybe_limestone_x, uniq_sigmund, uniq_grinder
D:4:      layout_gridville, serial_glass, glass_columns_a, glass_columns_a
D:5:      layout_basic, nicolae_elyvilon_peaceful_grove,
          nicolae_overflow_crystal_walls, minmay_misc_feat_pillars,
          uniq_blork_the_orc
D:6:      minmay_flawed_box, layout_loops_ring,
          chequers_temple_overflow_statue_of_worship,
          mainiacjoe_overflow_alcove_1, minmay_temple_entry_wispy, minivault_26
D:7:      layout_rooms, enter_bailey_5, uniq_crazy_yiuf_cottage
D:8:      layout_cave_pods, uniq_grum
D:9:      layout_stronghold
D:10:     layout_stronghold, ashenzari_conservatory_becter, lair_entry_dummy
D:11:     layout_long_grid, erik_orc_4, uniq_josephine, uniq_lodul
D:12:     layout_stronghold, gauntlet_entry_generic, kennysheep_potato

Skill      XL: |  1  2  3  4  5  6  7  8  9 10 11 |
---------------+----------------------------------+-----
Air Magic      | 5 6 7 9 11 14 15 | 15.0
Conjurations   | 3 4 5 6 7 |  7.2
Spellcasting   | 3 4 5 6 8 9 10 | 10.4
Staves         | 1 2 3 |  3.4
Stealth        | 3 4 5 |  5.6
Fighting       | 1 2 |  2.3
Dodging        | 3 |  3.3
Evocations     | 1 |  1.7

Action                     |  1- 3 |  4- 6 |  7- 9 | 10-12 || total
---------------------------+-------+-------+-------+-------++-------
  Melee: Staff             |     2 |     7 |    63 |       ||    72
         Unarmed           |     2 |       |       |       ||     2
         Kick              |       |     1 |    27 |    11 ||    39
         Peck              |       |       |    11 |     9 ||    20
         Quarterstaff      |       |       |     2 |    36 ||    38
   Cast: Shock             |    75 |    44 |   128 |    26 ||   273
         Airstrike         |       |       |    68 |    89 ||   157
         Swiftness         |       |       |     6 |     6 ||    12
         Static Discharge  |       |       |     8 |     5 ||    13
         Arcjolt           |       |       |       |    32 ||    32
         Iskenderun's Batt |       |       |       |     1 ||     1
  Evoke: Wand              |       |       |     9 |    14 ||    23
    Use: Scroll            |       |       |    10 |    14 ||    24
         Potion            |       |       |     2 |     8 ||    10
   Stab: Paralysed         |       |       |     9 |    13 ||    22
 Armour: Robe              |     9 |     4 |    50 |    57 ||   120
  Dodge: Dodged            |    17 |     6 |    74 |    70 ||   167

Table legend: (Time is in decaauts)
 A = Elapsed time spent in this place.
 B = Non-inter-level travel time spent in this place.
 C = Inter-level travel time spent in this place.
 D = Time resting spent in this place.
 E = Time spent auto-exploring this place.
 F = Levels seen in this place.
 G = Mean time per level.
                   A        B        C        D        E       F      G
               +--------+--------+--------+--------+--------+-----+--------+
         Total |  18450 |  18091 |    359 |   6727 |   9795 |  12 | 1537.5 |
       Dungeon |  18450 |  18091 |    359 |   6727 |   9795 |  12 | 1537.5 |
               +--------+--------+--------+--------+--------+-----+--------+

Top non-repeatable levels by time:
     D:8: 2923 daAuts
     D:9: 2290 daAuts
     D:7: 1890 daAuts
     D:5: 1766 daAuts
    D:10: 1729 daAuts
    D:11: 1686 daAuts
     D:3: 1595 daAuts
     D:1: 1501 daAuts
     D:6: 1493 daAuts
     D:2: 969 daAuts
     D:4: 493 daAuts
    D:12: 109 daAuts
